 Dungeon Crawl Stone Soup version 0.16-a0-324-g99bef82 (webtiles) character file.

200 Qrupt the Slasher (level 5, 0/34 HPs)
             Began as a High Elf Gladiator on Sept 3, 2014.
             Killed by nerve-wracking pain
             ... invoked by an orc priest
              (1 damage)
             ... on Level 5 of the Dungeon.
             The game lasted 00:10:44 (3500 turns).

Qrupt the Slasher (High Elf Gladiator)              Turns: 3500, Time: 00:10:46

HP   0/34        AC  5     Str 14      XL: 5   Next: 49%
MP   8/8         EV 13     Int 12      God:
Gold 90          SH  0     Dex 16      Spells:  0 memorised,  4 levels left

rFire  + . .     SeeInvis .     a - +0 long sword
rCold  . . .     Clarity  .     b - +0 leather armour
rNeg   . . .     rCorr    .     (no shield)
rPois  .         rRot     .     c - +0 helmet
rElec  .         Spirit   .     (no cloak)
SustAb .         Warding  .     (no gloves)
rMut   .         Stasis   .     (no boots)
Gourm  +                        i - amulet of the gourmand
MR     .....                    t - ring of protection from fire
                                h - +1 ring of protection

@: not resistant to hostile enchantments, very unstealthy
A: no striking features
a: no special abilities


You were on level 5 of the Dungeon.
You were hungry.

You visited 1 branch of the dungeon, and saw 5 of its levels.

You collected 90 gold pieces.

Inventory:

Hand weapons
 a - a +0 long sword (weapon)
Missiles
 d - 2 throwing nets (quivered)
Armour
 b - a +0 leather armour (worn)
 c - a +0 helmet (worn)
Magical devices
 o - a wand of slowing (11)
Comestibles
 f - 3 bread rations
 q - 4 meat rations
Scrolls
 e - a scroll of random uselessness {unknown}
 l - 2 scrolls of amnesia {unknown}
 m - 6 scrolls of identify {unknown}
 p - a scroll of fear {unknown}
 r - 3 scrolls of remove curse
 u - a scroll of magic mapping {unknown}
 v - a scroll of enchant armour {unknown}
Jewellery
 g - an uncursed amulet of rage
 h - a +1 ring of protection (left hand)
 i - an amulet of the gourmand (around neck)
 j - an uncursed amulet of inaccuracy
 k - an uncursed ring of sustain abilities
 t - a ring of protection from fire (right hand)
Potions
 n - a potion of degeneration {unknown}
 s - a potion of haste
 w - a potion of poison {unknown}
 x - a potion of curing {unknown}


   Skills:
 - Level 2.0 Fighting
 - Level 7.0 Long Blades
 - Level 2.1 Throwing
 + Level 4.1 Dodging


You had 4 spell levels left.
You didn't know any spells.

Dungeon Overview and Level Annotations

Branches:
Dungeon (5/15)
 Temple: D:4-7

Altars:
Ashenzari

Annotations:
D:4 Natasha


Message History

The orc priest prays to Beogh.
You feel a wave of unholy energy pass over you.
There is a stone staircase leading down here.
The orc priest invokes the aid of Beogh against you.
Something smites you!
* * * LOW HITPOINT WARNING * * *
You climb downwards.
There is a stone staircase leading up here.
Drink which item? (? for menu, Esc to quit)
Okay, then.
You closely miss the orc priest.
The orc priest is severely wounded.
You are feeling hungry.
The orc priest hits you with a hand axe.
* * * LOW HITPOINT WARNING * * *
You hit the orc priest.
The orc priest is almost dead.
The orc priest calls down the wrath of Beogh upon you.
Pain shoots through your body!
You die...

... .<. ## .>
. ###.###
#.#.....#
#.#...#.####
#...........
####..@....#
#....o.....#
#.##.....$>#
#..........?
#............
......#..###..
..........
.....#####
.....


You could see an orc priest.

Vanquished Creatures
  A worker ant (D:3)
  Natasha (D:4)
  A big kobold skeleton (D:5)
  4 adders
  3 worms (D:2)
  A giant gecko (D:3)
  8 bats
  6 giant cockroaches
  9 goblins
  10 hobgoblins
  8 jackals
  An ooze (D:3)
  5 giant newts
  14 kobolds
  3 quokkas
  8 rats
83 creatures vanquished.

Notes
Turn   | Place    | Note
--------------------------------------------------------------
     0 | D:1      | Qrupt, the High Elf Gladiator, began the quest for the Orb.
     0 | D:1      | Reached XP level 1. HP: 14/14 MP: 2/2
   311 | D:1      | Reached skill level 4 in Long Blades
   551 | D:1      | Reached XP level 2. HP: 17/19 MP: 3/3
  1285 | D:2      | Reached skill level 5 in Long Blades
  1285 | D:2      | Reached XP level 3. HP: 24/24 MP: 5/5
  1818 | D:2      | Reached XP level 4. HP: 21/29 MP: 7/7
  1940 | D:2      | Reached skill level 6 in Long Blades
  2633 | D:3      | Found a shattered altar of Ashenzari.
  2732 | D:3      | Reached XP level 5. HP: 34/34 MP: 8/8
  2740 | D:3      | Reached skill level 7 in Long Blades
  3365 | D:4      | Noticed Natasha
  3376 | D:4      | Killed Natasha
  3449 | D:4      | Noticed Natasha
  3468 | D:5      | Entered Level 5 of the Dungeon
  3499 | D:5      | HP: 1/34 [orc priest/hand axe (4)]
  3500 | D:5      | Killed from afar by an orc priest

Action                   |  1- 3 |  4- 6 || total
-------------------------+-------+-------++-------
Melee: Long sword        |   124 |   149 ||   273
Throw: Throwing net      |     1 |       ||     1
Evoke: Wand              |       |     2 ||     2
  Use: Scroll            |     2 |       ||     2
 Stab: Held in net/web   |     1 |       ||     1
  Eat: Chunk             |     2 |     6 ||     8
